 Dungeon Crawl Stone Soup version 0.20.1-1-g8b1a95d (webtiles) character file.

37 letownia2 the Grave Robber (level 3, 0/28 HPs)
             Began as a Deep Dwarf Necromancer on Dec 16, 2017.
             Slain by an adder (1 damage)
             ... on level 4 of the Dungeon.
             The game lasted 00:03:14 (1319 turns).

letownia2 the Grave Robber (Deep Dwarf Necromancer) Turns: 1319, Time: 00:03:15

Health: 0/28       AC:  5    Str: 11    XL:     3   Next: 23%
Magic:  6/6        EV: 11    Int: 16    God:
Gold:   70         SH:  0    Dex: 13    Spells: 3/7 levels left

rFire    . . .     SeeInvis .   (no weapon)
rCold    . . .     Gourm    .   (no shield)
rNeg     . . .     Faith    .   k - +0 ring mail (curse)
rPois    .         Spirit   .   (no helmet)
rElec    .         Reflect  .   (no cloak)
rCorr    .         Harm     .   (no gloves)
MR       .....                  (no boots)
Stlth    +.........             (no amulet)
Regen    0.0/turn               (no ring)
MPRegen  0.1/turn               (no ring)

@: non-regenerating
A: damage resistance, heal wounds, sense surroundings 1, no regeneration
a: Heal Wounds


You were on level 4 of the Dungeon.
You were not hungry.

You visited 1 branch of the dungeon, and saw 4 of its levels.

You collected 70 gold pieces.

Inventory:

Missiles
 g - 22 bolts
 q - a tomahawk (quivered)
Armour
 a - a +0 robe
 e - a +1 leather armour of poison resistance
 k - a cursed +0 ring mail (worn)
Scrolls
 d - a scroll of teleportation {unknown}
 h - a scroll of remove curse {unknown}
 i - 5 scrolls of identify {unknown}
 j - a scroll of blinking {unknown}
 r - a scroll of recharging {unknown}
Potions
 f - a potion of haste {unknown}
 m - a potion of mutation {unknown}
 n - a potion of resistance {unknown}
 o - a potion of brilliance {unknown}
Books
 b - a book of Necromancy

   Spells                             Type                      Level
   a - Pain                           Necromancy                   1
   b - Animate Skeleton               Necromancy                   1
   c - Vampiric Draining              Necromancy                   3
   d - Regeneration                   Charms/Necromancy            3
   e - Animate Dead                   Necromancy                   4
   f - Control Undead                 Necromancy                   4
Comestibles
 c - 3 bread rations
 l - 3 chunks of flesh
 p - a meat ration


   Skills:
 - Level 2.1 Dodging
 - Level 2.4 Stealth
 + Level 2.5 Spellcasting
 + Level 5.0 Necromancy


You had 3 spell levels left.
You knew the following spells:

 Your Spells              Type           Power        Failure   Level  Hunger
a - Pain                  Necr           ###.         6%          1    #......
v - Vampiric Draining     Necr           ###.......   19%         3    ###....


Dungeon Overview and Level Annotations

Branches:
Dungeon (4/15)
 Temple: D:4-7

Altars:
Cheibriados

Annotations:
D:3 Lanoc's ghost, amateur VSTm
D:4 exclusions: centaur and ogre, Edmund; Menkaure


Innate Abilities, Weirdness & Mutations

You are resistant to damage.
You can heal yourself by infusing magical energy.
You passively map a small area around you.
You do not regenerate.


Message History

The phantom blinks!
You hit the phantom but do no damage.
The phantom is lightly damaged.
The phantom hits you.
You closely miss the phantom.
The phantom is lightly damaged.
The phantom closely misses you.
Unknown command.
The phantom blinks!
You now have 70 gold pieces (gained 10).
The phantom blinks!
There is a stone staircase leading down here.
Found a scroll labeled KUDELAZUOTH.
r - a scroll labeled KUDELAZUOTH The phantom blinks!
The phantom blinks!
An adder comes into view.
The adder hisses angrily.
The adder bites you.
You die...

*
#.......#.#.#.####.....#
** ###.....(.#.#.#.#
#.....#
..........#.#.#.#
#.....#
###.##.####.#.#.#
#.W...# .......# #.#.#.#
#.....# ####.### #.#.#W#
#.....# # #..# #.#.#.#
#.....# # ##.#
#.#.#.########## # #.##
#.#.#.@S...... # #..#
#.#.####....## ######.#
#.#.## * ....#, ,
#....#.## #....# * ...#
* * '....#..# ###..###,
..#,* #....##.# #....#,
.# #....##.## #....# *
,# ###'###..# #....# ,
#.####.####..###


You could see a phantom and an adder.

Vanquished Creatures
  A howler monkey skeleton (D:4)
  2 adders (D:4)
  A leopard gecko (D:4)
  An orc (D:4)
  A giant cockroach (D:2)
  A goblin (D:1)
  A hobgoblin (D:2)
  A rat (D:2)
9 creatures vanquished.

Notes
Turn   | Place    | Note
-------+----------+-------------------------------------------
     0 | D:1      | letownia2 the Deep Dwarf Necromancer began the quest for the Orb.
     0 | D:1      | Reached XP level 1. HP: 15/15 MP: 3/3
   105 | D:2      | Found a snail-covered altar of Cheibriados.
   352 | D:4      | Noticed Edmund
   375 | D:4      | Noticed Ijyb
   382 | D:4      | Paralysed by Ijyb for 5 turns
   391 | D:4      | Paralysed by Ijyb for 5 turns
   401 | D:4      | Paralysed by Ijyb for 6 turns
   661 | D:4      | Reached XP level 2. HP: 7/22 MP: 5/5
   817 | D:4      | Noticed a centaur
   848 | D:3      | Noticed Lanoc's ghost (amateur VSTm)
   857 | D:4      | Noticed a phantom
   926 | D:4      | Noticed an ogre
  1012 | D:4      | Reached skill level 5 in Necromancy
  1012 | D:4      | Reached XP level 3. HP: 8/28 MP: 0/6
  1017 | D:4      | Learned a level 3 spell: Vampiric Draining
  1177 | D:4      | HP: 1/28 [leopard gecko (2)]
  1205 | D:4      | Noticed Menkaure
  1319 | D:4      | Slain by an adder

Skill      XL: |  1  2 |
---------------+-------+-----
Spellcasting   | 2 |  2.5
Necromancy     | 5 |  5.0
Dodging        | |  2.1
Stealth        | |  2.4

Action                   || total
-------------------------++-------
Melee: Unarmed           ||    15
Throw: Tomahawk          ||     6
 Cast: Pain              ||    22
  Eat: Chunk             ||     2
Armor: Leather armour    ||     3
       Ring mail         ||    12
Dodge: Dodged            ||    24
